 Dungeon Crawl Stone Soup version 0.30.0-5-g1a98f26d00 (webtiles) character file.

Game seed: 5528149626801999686

3840 meatpath the Fighter (level 9, -5/82 (85) HPs)
             Began as a Pale Draconian Berserker on May 12, 2023.
             Was a Priest of Trog.
             Slain by a wight
             ... wielding a +4 mace of freezing
              (10 damage)
             ... on level 8 of the Dungeon.
             The game lasted 00:23:49 (10760 turns).

meatpath the Fighter (Pale Draconian Berserker)    Turns: 10760, Time: 00:23:50

HP:   -5/82 (85)    AC: 11    Str: 24    XL:     9   Next: 98%
MP:   9/9           EV: 12    Int:  8    God:    Trog [***...]
Gold: 396           SH:  7    Dex: 10    Spells: 8/8 levels left

rFire   . . .        x - +0 flail
rCold   . . .        r - +2 buckler
rNeg    . . .        (body armour unavailable)
rPois   .            (helmet restricted)
rElec   .            b - +0 cloak
rCorr   +            f - +0 pair of gloves
SInv    .            g - +1 pair of boots
Will    .....        E - amulet of faith
Stlth   +            y - ring of resist corrosion
HPRegen 0.33/turn    (no ring)
MPRegen 0.11/turn

%: faith
@: on berserk cooldown, slowed, lightly drained, very slow
A: breathe steam, AC +7, unfitting armour, cold-blooded, steam resistance
a: Breathe Steam, Renounce Religion, Berserk, Trog's Hand


You were on level 8 of the Dungeon.
You worshipped Trog.
Trog was most pleased with you.
You visited 1 branch of the dungeon, and saw 9 of its levels.

You collected 396 gold pieces.

Inventory:

Hand Weapons
 x - a +0 flail (weapon)
 G - a +0 whip of draining
Armour
 b - a +0 cloak (worn)
 f - a +0 pair of gloves (worn)
 g - a +1 pair of boots (worn)
 r - a +2 buckler (worn)
Jewellery
 v - an amulet of the acrobat
 y - a ring of resist corrosion (left hand)
 E - an amulet of faith (around neck)
Wands
 l - a wand of mindburst (5)
 w - a wand of paralysis (5)
 B - a wand of flame (17)
 J - a wand of quicksilver (6)
Scrolls
 a - 2 scrolls of silence {unknown}
 c - 2 scrolls of magic mapping
 d - a scroll of butterflies {unknown}
 e - 2 scrolls of fog
 k - 2 scrolls of poison {unknown}
 m - 2 scrolls of teleportation
 n - 2 scrolls of enchant armour
 s - 2 scrolls of vulnerability {unknown}
 z - a scroll of blinking
 F - a scroll of immolation {unknown}
 H - a scroll of noise {unknown}
 I - a scroll of torment {unknown}
Potions
 h - 5 potions of curing
 i - 3 potions of attraction
 j - 2 potions of magic {unknown}
 o - a potion of haste {unknown}
 p - a potion of flight {unknown}
 q - a potion of cancellation {unknown}
 t - 3 potions of might {unknown}
 u - 2 potions of resistance {unknown}
 A - 3 potions of brilliance {unknown}
 C - 2 potions of lignification {unknown}
 D - a potion of heal wounds {unknown}


   Skills:
 + Level 9.7 Fighting
 + Level 8.9 Maces & Flails
 - Level 3.7 Dodging
 + Level 7.7 Shields


You had 8 spell levels left.
You didn't know any spells.
Your spell library was empty.

Dungeon Overview and Level Annotations

Branches:
Dungeon (9/15)             Temple (0/1) D:6
   Lair: D:8-11         Orc: D:9-12

Altars:
Dithmenos
Gozag
Kikubaaqudgha
Okawaru
Qazlal
Ru
Vehumet
Yredelemnul
The Shining One

Shops:
D:5 *   D:7 ?

Annotations:
D:9 2 transporters, Adrian566's ghost, novice HOFi


Innate Abilities, Weirdness & Mutations

You can breathe blasts of scalding, opaque steam.
Your pale cyan-grey scales are hard. (AC +7)
You cannot fit into any form of body armour.
You are cold-blooded and may be slowed by cold attacks.
You are immune to the effects of steam.


Message History

You feel as though you will be slow longer.
The wight freezes you.
* * * LOW HITPOINT WARNING * * *
You closely miss the tengu warrior.
The tengu warrior is almost dead.
The tengu warrior hits you with a +0 long sword.
* * * LOW HITPOINT WARNING * * *
The tengu warrior pecks you but does no damage.
The tengu warrior claws you.
* * * LOW HITPOINT WARNING * * *
The wight hits you with a +4 mace of freezing!
* * * LOW HITPOINT WARNING * * *
The wight freezes you.
* * * LOW HITPOINT WARNING * * *
You barely miss the wight. You tail-slap the wight.
The wight is heavily damaged.
The tengu warrior hits you with a +0 long sword!
* * * LOW HITPOINT WARNING * * *
The tengu warrior pecks you but does no damage.
The tengu warrior claws you but does no damage.
The wight hits you but does no damage. The tengu warrior blocks your attack.
The tengu warrior is almost dead.
The tengu warrior closely misses you. The tengu warrior barely misses you.
The tengu warrior claws you.
* * * LOW HITPOINT WARNING * * *
The tengu warrior blocks your attack.
Your tail-slap misses the tengu warrior.
The tengu warrior is almost dead.
You are no longer berserk.
You are exhausted.
You feel as though you will be slow longer.
You block the wight's attack.
The tengu warrior completely misses you.
The tengu warrior barely misses you.
The tengu warrior claws you but does no damage.
The tengu warrior blocks your attack.
The tengu warrior is almost dead.
The wight hits you with a +4 mace of freezing!
You die...

#...# #....'....###. ##..#
#....#....# #. ##.# #....#....#
## ##### #....#...># ## ##..# ###
######'######### #. ....# ....
#8........# #..###. ....# .....
#.........# ##..#.# ....#
......#z........# ##...# ....#
......'Q@......8# ##...#
....########################..#..
..........###.....# #......##.
.................## ##........
......####.####..# #.........
......##.....##..#######......###
......#.......#...............# #
#.....#.......#......)........# #
##........_........#####......###


You could see a tengu warrior and a wight.

Vanquished Creatures
  A two-headed ogre (D:8)
  Prince Ribbit (D:8)
  A vampire (D:9)
  2 water moccasins
  Pargi (D:3)
  Duvessa (D:6)
  An ice beast (D:6)
  A sky beast (D:8)
  An ogre (D:6)
  A phantom (D:6)
  2 kobold brigands
  2 bullfrogs
  A scorpion (D:5)
  9 wights
  Dowan (D:6)
  5 killer bees
  A howler monkey (D:4)
  3 jellies
  2 quasits (D:6)
  A gnoll bouda (D:6)
  5 hounds
  6 orc priests
  2 sleepcaps (D:4)
  4 iguanas
  5 orc wizards
  6 gnolls
  5 adders
  A shadow imp (D:6)
  6 white imps
  4 ufetubi (D:6)
  A worm (D:3)
  A dart slug (D:1)
  23 orcs
  3 bats
  3 endoplasms
  3 giant cockroaches
  6 goblins
  5 hobgoblins
  2 jackals (D:1)
  22 kobolds
  5 quokkas
  7 ball pythons
  A frilled lizard (D:1)
  8 rats
172 creatures vanquished.

Notes
Turn   | Place    | Note
-------+----------+-------------------------------------------
     0 | D:1      | meatpath the Draconian Berserker began the quest for the
                  | Orb.
     0 | D:1      | Reached XP level 1. HP: 19/19 MP: 1/1
   194 | D:1      | Reached XP level 2. HP: 26/26 MP: 2/2
   617 | D:1      | Reached XP level 3. HP: 33/33 MP: 3/3
  1469 | D:2      | Found a faded altar of an unknown god.
  1858 | D:3      | You fall into a shaft and drop 1 floor!
  1906 | D:4      | Reached skill level 4 in Fighting
  1906 | D:4      | Reached XP level 4. HP: 39/40 MP: 4/4
  1960 | D:4      | Reached ** piety under Trog
  2067 | D:4      | Reached XP level 5. HP: 47/47 MP: 5/5
  2101 | D:4      | Found an ancient bone altar of Kikubaaqudgha.
  2306 | D:3      | Found a basalt altar of Yredelemnul.
  2516 | D:3      | Reached skill level 1 in Shields
  2597 | D:3      | Noticed Pargi
  2605 | D:3      | Killed Pargi
  2606 | D:3      | Reached skill level 5 in Fighting
  2606 | D:3      | Reached XP level 6. HP: 56/56 MP: 6/6
  3546 | D:4      | Found a sacrificial altar of Ru.
  3613 | D:4      | Found a stormy altar of Qazlal.
  3915 | D:4      | Reached skill level 5 in Maces & Flails
  4304 | D:5      | Entered Level 5 of the Dungeon
  4530 | D:5      | Your scales start taking on a pale cyan-grey colour.
  4530 | D:5      | Reached XP level 7. HP: 55/62 MP: 7/7
  4530 | D:5      | Gained mutation: You are immune to the effects of steam.
                  | [Pale Draconian growth]
  4634 | D:5      | Reached skill level 6 in Fighting
  4817 | D:5      | Found a shadowy altar of Dithmenos.
  4838 | D:5      | Found Kouxiykyo's Assorted Antiques.
  5192 | D:6      | Found an iron altar of Okawaru.
  5276 | D:6      | Found a radiant altar of Vehumet.
  5280 | D:6      | Noticed Dowan
  5293 | D:6      | Killed Dowan
  5679 | D:6      | Reached XP level 8. HP: 71/71 MP: 8/8
  5974 | D:6      | Reached skill level 7 in Fighting
  6341 | D:6      | Found a staircase to the Ecumenical Temple.
  6422 | D:6      | Reached *** piety under Trog
  6424 | D:6      | Reached skill level 5 in Shields
  6729 | D:6      | Noticed Duvessa
  6746 | D:6      | Killed Duvessa
  7370 | D:6      | Reached skill level 8 in Fighting
  7703 | D:7      | Found Eceol's Magic Scroll Boutique.
  7879 | D:7      | Reached XP level 9. HP: 74/81 MP: 9/9
  8604 | D:8      | Noticed Prince Ribbit
  8625 | D:8      | Killed Prince Ribbit
  8850 | D:8      | Found an opulent altar of Gozag.
  8941 | D:8      | Noticed a two-headed ogre
  8960 | D:8      | Killed a two-headed ogre
  8961 | D:8      | Reached skill level 9 in Fighting
  9577 | D:8      | Found a glowing golden altar of the Shining One.
 10047 | D:9      | Found a transporter.
 10047 | D:9      | Noticed Adrian566's ghost (novice HOFi)
 10071 | D:9      | Found a transporter.
 10379 | D:9      | HP: 4/85 [something (6)]
 10736 | D:8      | Noticed a tengu warrior
 10760 | D:8      | Slain by a wight

Illustrated notes

Levels and vault maps discovered:
D:1:      wander_arrival_estate, layout_loops_ring
D:2:      layout_basic, nicolae_ecumenical_lake_church
D:3:      layout_basic, mainiacjoe_overflow_24_doors, uniq_pargi
D:4:      layout_basic, lemuel_doored_altar, mainiacjoe_overflow_catch_the_wave,
          ebering_dispersal_statue_hall
D:5:      layout_loops_ring, kennysheep_mini, serial_shops, shop,
          corexii_item_surrounded_by_moat
D:6:      layout_basic, vehumet_crystals, mainiacjoe_overflow_small_starburst,
          minmay_temple_entry_antechambers, serial_demonic, serial_demonic_e,
          serial_demonic_f, serial_demonic_d, serial_demonic_a,
          serial_demonic_a, uniq_duvessa
D:7:      nicolae_cairo_tiling_large_dashed, layout_rooms, serial_corexii_hall,
          chequers_hall_statues_wall_a, corexii_hall_statues_u,
          chequers_hall_statues_y, corexii_hall_statues_x, serial_shops,
          nicolae_shop_window_shopping
D:8:      minmay_klotski, layout_layer_cave, old_standard_altar,
          old_standard_altar, uniq_prince_ribbit1
D:9:      layout_loops_corners, general_overflow_altar,
          nicolae_wu_jian_immortal_techniques, hiddenorc1_lemuel,
          gammafunk_ghost_arena

Skill      XL: |  1  2  3  4  5  6  7  8  9 |
---------------+----------------------------+-----
Dodging        | 3 |  3.7
Fighting       | 4 5 6 8 9 |  9.7
Maces & Flails | 4 5 6 7 8 |  8.9
Shields        | 1 2 4 6 7 |  7.7

Action                     |  1- 3 |  4- 6 |  7- 9 || total
---------------------------+-------+-------+-------++-------
  Melee: Mace              |    98 |   125 |       ||   223
         Tailslap          |     9 |    22 |    57 ||    88
         Flail             |       |    42 |   505 ||   547
 Invoke: Berserk           |     1 |     2 |    11 ||    14
         Trog's Hand       |       |     1 |     2 ||     3
    Use: Scroll            |     1 |     1 |     7 ||     9
         Potion            |       |       |     1 ||     1
 Armour: Skin              |    37 |    61 |   237 ||   335
  Dodge: Dodged            |    60 |    91 |   307 ||   458
  Block: Buckler           |       |    27 |   169 ||   196
